 Dungeon Crawl Stone Soup version 0.24.0-41-g2ae2f7f1be (webtiles) character file.

Game seed: 18364648661541141059, levelgen mode: deterministic

7364 Anathary the Carver (level 10, -8/88 HPs)
             Began as a Minotaur Fighter on Dec 10, 2019.
             Was a Believer of Cheibriados.
             Mangled by a cyclops (12 damage)
             ... on level 10 of the Dungeon.
             The game lasted 00:48:03 (8472 turns).

Anathary the Carver (Minotaur Fighter)              Turns: 8472, Time: 00:48:05

Health: -8/88      AC: 15    Str: 28    XL:     10   Next: 91%
Magic:  9/9        EV: 10    Int:  9    God:    Cheibriados [**....]
Gold:   409        SH: 13    Dex: 14    Spells: 9/9 levels left

rFire    + . .     SeeInvis .   a - +1 long sword
rCold    + + .     Gourm    .   c - +0 shield
rNeg     . . .     Faith    .   h - +0 plate armour
rPois    .         Spirit   .   (helmet restricted)
rElec    .         Reflect  .   L - scarf {rC+ rF+}
rCorr    .         Harm     .   b - +0 pair of gloves {archery}
MR       .....                  (no boots)
Stlth    ..........             o - amulet of regeneration
HPRegen  0.64/turn              N - ring of protection from cold
MPRegen  0.11/turn              p - ring of flight

@: very slow
A: retaliatory headbutt, horns 2
a: Bend Time, Renounce Religion, Evoke Flight


You were on level 10 of the Dungeon.
You worshipped Cheibriados.
Cheibriados was pleased with you.
You were not hungry.

You visited 2 branches of the dungeon, and saw 11 of its levels.
You also visited: Sewer.

You collected 581 gold pieces.
You spent 172 gold pieces at shops.

Inventory:

Hand Weapons
 a - a +1 long sword (weapon)
Armour
 b - a +0 pair of gloves of archery (worn)
 c - a +0 shield (worn)
 h - a +0 plate armour (worn)
 L - a scarf of resistance (worn)
Jewellery
 o - an amulet of regeneration (around neck)
 p - a ring of flight (right hand)
 N - a ring of protection from cold (left hand)
Wands
 l - a wand of polymorph (12)
 C - a wand of flame (9)
Scrolls
 k - 3 scrolls of blinking
 r - 2 scrolls of teleportation
 v - 2 scrolls of enchant weapon
 y - a scroll of fear
 D - 2 scrolls of magic mapping
 J - 4 scrolls of identify
Potions
 d - 3 potions of might
 e - 8 potions of curing
 g - 4 potions of haste
 i - a potion of agility
 n - a potion of mutation {unknown}
 q - 3 potions of heal wounds {unknown}
 s - 3 potions of flight {unknown}
 t - a potion of magic {unknown}
 u - 2 potions of brilliance {unknown}
 z - a potion of cancellation {unknown}
 B - a potion of lignification {unknown}
 E - 4 potions of degeneration {unknown}
 G - a potion of resistance {unknown}
 K - a potion of experience {unknown}
Comestibles
 f - 10 rations


   Skills:
 + Level 7.8 Fighting
 + Level 11.3 Long Blades
 + Level 9.4 Armour
 + Level 6.2 Dodging
 + Level 1.1 Stealth
 + Level 10.7 Shields


You had 9 spell levels left.
You didn't know any spells.
Your spell library contained the following spells:

 Spells                   Type           Power        Failure   Level  Hunger
 Confusing Touch          Hex            #.....       99%         1    ##.....
 Flame Tongue             Conj/Fire      #....        99%         1    ##.....
 Throw Flame              Conj/Fire      #.....       100%        2    ###....
 Confuse                  Hex            #.......     100%        3    ####...
 Conjure Flame            Conj/Fire      #.......     100%        3    ####...
 Gell's Gravitas          Tloc           #.........   100%        3    ####...
 Inner Flame              Hex/Fire       #.......     100%        3    ####...
 Petrify                  Tmut/Erth      #.......     100%        4    #####..
 Sticky Flame             Conj/Fire      #.......     100%        4    #####..
 Fireball                 Conj/Fire      #.........   100%        5    ######.
 Metabolic Englaciation   Hex/Ice        #.........   100%        5    ######.
 Yara's Violent Unravell  Hex/Tmut       #.........   100%        5    ######.


Dungeon Overview and Level Annotations

Branches:
Dungeon (10/15)            Temple (1/1) D:7             Orc (0/2) D:10
  Sewer (visited)
   Lair: D:8-11

Altars:
Ashenzari
Cheibriados
Dithmenos
Elyvilon
Fedhas
Gozag
Hepliaklqana
Kikubaaqudgha
Makhleb
Nemelex Xobeh
Okawaru
Qazlal
Ru
Sif Muna
Trog
Uskayaw
Vehumet
Wu Jian
Xom
Yredelemnul
Zin
The Shining One

Shops:
D:9 *


Innate Abilities, Weirdness & Mutations

You reflexively headbutt those who attack you in melee.
You have a pair of horns on your head.


Message History

The cyclops is heavily wounded.
You block the troll's attack. x2; The troll claws you but does no damage.
The cyclops hits you!!
* * * LOW HITPOINT WARNING * * *
You hit the cyclops. Your headbutt misses the cyclops.
The cyclops is heavily wounded.
You block the troll's attack. x2; The troll barely misses you.
You slash the cyclops!
The cyclops is severely wounded.
The cyclops hits you!
* * * LOW HITPOINT WARNING * * *
The troll barely misses you. You furiously retaliate!
You headbutt the troll. The troll claws you but does no damage.
You block the troll's attack.
You hit the cyclops.
The cyclops is almost dead.
You block the troll's attack. The troll claws you but does no damage.
The troll claws you.
* * * LOW HITPOINT WARNING * * *
The cyclops hits you!
You die...

#### ... #.. #.. #####..
.......#################
........(.(.(...........
......C@T...(...........
####...##############..†
#... #<.. #>.. #... #...
#... #... #..$ #... #...
.... .... ....


You could see a cyclops and a troll.

Vanquished Creatures
  A two-headed ogre (D:8)
  Pikel (D:4)
  An ugly thing (D:7)
  A cyclops (D:9)
  A komodo dragon (D:7)
  2 trolls
  2 hippogriffs
  A water moccasin (D:6)
  Purgy (Sewer)
  4 orc warriors
  A sky beast (D:7)
  A slave (D:4)
  2 black bears
  2 ice beasts
  5 ogres
  A centaur (D:9)
  3 phantoms
  2 wolves
  A big kobold (D:7)
  2 bullfrogs
  A gnoll sergeant (D:6)
  A wyvern zombie (D:9)
  4 killer bees (D:8)
  4 wights (D:9)
  2 howler monkeys
  3 crimson imps
  2 centaur zombies
  A quasit (D:7)
  4 jellies
  2 orc priests
  A centaur skeleton (D:6)
  8 hounds
  3 orc wizards
  Jessica (D:2)
  5 iguanas
  4 worker ants
  2 hound skeletons
  A howler monkey zombie (D:6)
  5 gnolls
  A river rat (D:3)
  13 adders
  4 shadow imps
  9 oozes (D:2)
  An adder zombie (D:6)
  2 adder skeletons
  2 worms (D:2)
  7 dart slugs
  9 leopard geckos
  25 orcs
  7 bats
  10 giant cockroaches
  5 goblins
  11 hobgoblins
  12 jackals
  20 kobolds
  5 quokkas
  8 ball pythons
  10 frilled lizards
  2 jackal skeletons
  3 leopard gecko skeletons
  A leopard gecko zombie (D:9)
  12 rats
  2 fungi (D:2)
270 creatures vanquished.

Vanquished Creatures (others)
  An adder (D:4)
  7 fungi (D:2)
  8 toadstools (D:2)
16 creatures vanquished.

Grand Total: 286 creatures vanquished

Notes
Turn   | Place    | Note
-------+----------+-------------------------------------------
     0 | D:1      | Anathary the Minotaur Fighter began the quest for the Orb.
     0 | D:1      | Reached XP level 1. HP: 19/19 MP: 0/0
   169 | D:1      | Reached XP level 2. HP: 20/27 MP: 1/1
   439 | D:1      | Reached XP level 3. HP: 32/33 MP: 2/2
   768 | D:2      | Reached skill level 3 in Long Blades
  1087 | D:2      | Noticed Jessica
  1094 | D:2      | Killed Jessica
  1094 | D:2      | Reached skill level 1 in Dodging
  1094 | D:2      | Reached XP level 4. HP: 39/40 MP: 3/3
  1746 | D:2      | Reached XP level 5. HP: 42/46 MP: 4/4
  1758 | D:2      | Reached skill level 4 in Long Blades
  1844 | D:2      | Reached skill level 5 in Armour
  1919 | D:3      | Found a shadowy altar of Dithmenos.
  1931 | D:3      | Reached XP level 6. HP: 51/53 MP: 5/5
  1987 | D:3      | Reached skill level 5 in Shields
  1996 | D:3      | Found a glowing drain.
  2008 | Sewer    | Entered a sewer
  2106 | Sewer    | Noticed Purgy
  2114 | Sewer    | Killed Purgy
  2505 | D:3      | Found a sacrificial altar of Ru.
  2505 | D:3      | Found an ornate altar of the Wu Jian Council.
  2507 | D:3      | Found an opulent altar of Gozag.
  2807 | D:4      | Reached skill level 5 in Long Blades
  2866 | D:4      | Reached XP level 7. HP: 60/60 MP: 6/6
  2917 | D:4      | Noticed Pikel
  2958 | D:4      | Killed Pikel
  2958 | D:4      | Reached skill level 5 in Fighting
  2958 | D:4      | Reached skill level 7 in Long Blades
  2958 | D:4      | Reached XP level 8. HP: 47/69 MP: 7/7
  3113 | D:4      | Found a stormy altar of Qazlal.
  3116 | D:4      | Noticed an air elemental
  3425 | D:5      | Entered Level 5 of the Dungeon
  3432 | D:5      | Found an ancient bone altar of Kikubaaqudgha.
  3917 | D:5      | Got a wavering golden ring
  3918 | D:5      | Identified the cursed ring of the Lonely Wonders {rF+ EV-5
                  | Int+3} (You found it on level 5 of the Dungeon)
  4251 | D:6      | Reached skill level 8 in Long Blades
  4762 | D:6      | Reached XP level 9. HP: 74/75 MP: 8/8
  5053 | D:7      | Noticed a komodo dragon
  5185 | D:7      | Noticed a troll
  5200 | D:7      | Killed a troll
  5200 | D:7      | Reached skill level 9 in Long Blades
  5319 | D:7      | Noticed a green ugly thing
  5354 | D:7      | Killed a komodo dragon
  5609 | D:7      | Killed a green ugly thing
  5609 | D:7      | Reached skill level 5 in Dodging
  5751 | D:7      | Found a bloodstained altar of Trog.
  5897 | D:7      | Found a staircase to the Ecumenical Temple.
  5908 | Temple   | Entered the Ecumenical Temple
  5981 | Temple   | Became a worshipper of Cheibriados the Contemplative
  6030 | D:7      | Found a stormy altar of Qazlal.
  6150 | D:7      | Reached skill level 10 in Long Blades
  6298 | D:8      | Reached XP level 10. HP: 80/84 MP: 9/9
  6314 | D:8      | Found an ancient bone altar of Kikubaaqudgha.
  6828 | D:8      | Noticed a two-headed ogre
  6839 | D:8      | Killed a two-headed ogre
  6839 | D:8      | Reached skill level 10 in Shields
  7186 | D:9      | Found a blossoming altar of Fedhas.
  7242 | D:9      | Reached * piety under Cheibriados
  7272 | D:9      | Found a shimmering altar of Xom.
  7326 | D:9      | Reached skill level 1 in Stealth
  7525 | D:9      | Found Jadikiel's Assorted Antiques.
  7541 | D:9      | Bought a pair of runed gloves for 172 gold pieces
  7838 | D:9      | Found a glowing silver altar of Zin.
  8009 | D:9      | Noticed a cyclops
  8018 | D:9      | Killed a cyclops
  8018 | D:9      | Reached skill level 11 in Long Blades
  8300 | D:10     | Entered Level 10 of the Dungeon
  8322 | D:10     | Reached ** piety under Cheibriados
  8458 | D:10     | Noticed a cyclops
  8462 | D:10     | Found a staircase to the Orcish Mines.
  8472 | D:10     | HP: 4/88 [troll (3)]
  8472 | D:10     | Mangled by a cyclops

Levels and vault maps discovered:
D:1:      minmay_arrival_loop, layout_basic, st_stairs_3, serial_bayou_lagoon_a,
          serial_park_tiny_pond, minmay_cupped
D:2:      cheibrodos_fertilizer, layout_loops_corners, st_stairs_14,
          uniq_jessica
D:3:      layout_loops_ring, nicolae_dithmenos_shadow_blocks,
          grunt_temple_overflow_open, portal_sewer_entry_e, first_ration
D:4:      layout_cave_pools, nicolae_qazlal_style_of_elements, uniq_pikel
D:5:      layout_cave_pods, basic_altar, minmay_quadrilaterals
D:6:      layout_loops_ring, abandoned_shop, kennysheep_generic_room_8
D:7:      layout_basic, lemuel_round_altar, nicolae_overflow_crystal_walls,
          minmay_temple_entry_proselytizer, kb_rosetta
D:8:      layout_loops_cross, kennysheep_mini
D:9:      minmay_tri_box, layout_irregular_city, lemuel_coloured_pillars_altar,
          overflow_temple_1_default, zin_scriptorium, serial_shops,
          nicolae_shop_overgrown_old_shop
D:10:     layout_long_grid, erik_lair_island
Temple:   minmay_temple_bridge_abc

Skill      XL: |  1  2  3  4  5  6  7  8  9 10 |
---------------+-------------------------------+-----
Armour         | 4 5 6 7 8 9 |  9.4
Shields        | 4 5 6 7 9 10 | 10.7
Fighting       | 4 5 6 7 |  7.8
Long Blades    | 3 4 5 7 8 10 11 | 11.3
Dodging        | 1 2 3 5 6 |  6.2
Stealth        | 1 |  1.1

Action                   |  1- 3 |  4- 6 |  7- 9 | 10-12 || total
-------------------------+-------+-------+-------+-------++-------
Melee: Long sword        |    81 |   188 |   367 |   204 ||   840
       Headbutt          |    17 |    16 |    79 |    47 ||   159
  Use: Scroll            |     7 |     1 |     7 |     2 ||    17
  Eat: Chunk             |     1 |     1 |     2 |       ||     4
       Ration            |       |     2 |     3 |     1 ||     6
Armor: Scale mail        |    80 |    71 |    89 |    19 ||   259
       Plate armour      |       |       |       |    48 ||    48
Dodge: Dodged            |    40 |    52 |   119 |    84 ||   295
Block: Shield            |    61 |   112 |   187 |   143 ||   503
       Rpst.: Long sword |    12 |    14 |    30 |    21 ||    77
